 Dungeon Crawl Stone Soup version 0.22-a0-354-g30dfbe6 (webtiles) character file.

955 torrenera the Carver (level 8, -4/58 HPs)
             Began as a Human Fighter on Apr 16, 2018.
             Slain by an ogre
             ... wielding a +0 giant club
              (10 damage)
             ... on level 4 of the Dungeon.
             The game lasted 00:07:12 (5457 turns).

torrenera the Carver (Human Fighter)                Turns: 5457, Time: 00:07:13

Health: -4/58      AC:  9    Str: 19    XL:     8   Next: 36%
Magic:  8/8        EV:  5    Int:  9    God:
Gold:   161        SH: 10    Dex: 12    Spells: 7/7 levels left

rFire    + . .     SeeInvis .   a - +0 long sword
rCold    x . .     Gourm    .   c - +0 shield
rNeg     . . .     Faith    .   q - +0 chain mail
rPois    .         Spirit   .   (no helmet)
rElec    .         Reflect  .   (no cloak)
rCorr    .         Harm     .   (no gloves)
MR       .....                  (no boots)
Stlth    ..........             (no amulet)
HPRegen  0.19/turn              d - ring of fire
MPRegen  0.11/turn              (no ring)

@: no status effects
A: no striking features
a: no special abilities


You were on level 4 of the Dungeon.
You were very hungry.

You visited 1 branch of the dungeon, and saw 4 of its levels.

You collected 161 gold pieces.

Inventory:

Hand Weapons
 a - a +0 long sword (weapon)
Missiles
 m - 82 stones (quivered)
 n - 19 sling bullets
Armour
 c - a +0 shield (worn)
 q - a +0 chain mail (worn)
 r - a +0 large shield
Jewellery
 d - a ring of fire (left hand)
Wands
 h - a wand of iceblast (4)
 k - a wand of random effects (22)
Scrolls
 e - 2 scrolls of fear {unknown}
 g - 4 scrolls of fog {unknown}
 i - 5 scrolls of identify {unknown}
 j - 7 scrolls of teleportation {unknown}
 l - a scroll of enchant weapon {unknown}
 o - a scroll of remove curse {unknown}
 p - a scroll of blinking {unknown}
Potions
 b - a potion of haste {unknown}
Comestibles
 f - 10 rations


   Skills:
 - Level 3.0 Fighting
 * Level 8.0 Long Blades
 - Level 3.0 Armour
 + Level 5.5 Shields


You had 7 spell levels left.
You didn't know any spells.

Dungeon Overview and Level Annotations

Branches:
Dungeon (4/15)
 Temple: D:4-7

Altars:
Kikubaaqudgha

Annotations:
D:3 Purgy
D:4 Eustachio


Message History

The ogre is moderately wounded.
You hit the ogre.
The ogre is heavily wounded.
The ogre hits you with a giant club!!
* * * LOW HITPOINT WARNING * * *
You hit the ogre.
The ogre is severely wounded.
You block the ogre's attack.
You barely miss the ogre.
The ogre is severely wounded.
The ogre barely misses you.
You closely miss the ogre.
The ogre is severely wounded.
The ogre barely misses you.
You hit the ogre.
The ogre is severely wounded.
You hit the ogre but do no damage.
The ogre is severely wounded.
The ogre hits you with a giant club!
You die...

.....#.......#
#.##.#r#
#r####.......#
#.##.#.# #.#
###...### #....#.#
#.# ####...#
#.####@#
#.###.########
#.####.#
#.##.#..>....#
#......#
)...###......#
#.######
##.#.#.......# #O#
#...........# #@#
##.###.......# #.#
...# #.......# #.##
#### #.......###..#
.#######......###.#
.#.......####.# #.#
.#.......####.###.#
....####>#........#
###........##.#####


You could see an ogre.

Vanquished Creatures
  Sigmund (D:2)
  An ice beast (D:4)
  3 ogres (D:4)
  A hound (D:4)
  3 orc priests (D:3)
  An iguana (D:4)
  A centaur skeleton (D:4)
  Ijyb (D:2)
  3 worker ants
  6 adders
  4 gnolls (D:2)
  A dart slug (D:3)
  A leopard gecko (D:1)
  7 orcs
  7 bats
  A giant cockroach (D:4)
  3 goblins
  6 hobgoblins
  10 jackals
  2 quokkas (D:3)
  4 frilled lizards
  6 kobolds
  8 rats
81 creatures vanquished.

Notes
Turn   | Place    | Note
-------+----------+-------------------------------------------
     0 | D:1      | torrenera the Human Fighter began the quest for the Orb.
     0 | D:1      | Reached XP level 1. HP: 18/18 MP: 1/1
   200 | D:1      | Reached XP level 2. HP: 24/24 MP: 2/2
   546 | D:2      | Reached XP level 3. HP: 25/29 MP: 3/3
   599 | D:2      | Reached skill level 3 in Long Blades
   641 | D:2      | Found an ancient bone altar of Kikubaaqudgha.
   751 | D:2      | Reached XP level 4. HP: 14/35 MP: 4/4
  1325 | D:2      | Reached skill level 4 in Long Blades
  1355 | D:2      | Noticed Sigmund
  1367 | D:2      | Killed Sigmund
  1367 | D:2      | Reached skill level 5 in Long Blades
  1367 | D:2      | Reached XP level 5. HP: 6/41 MP: 5/5
  1367 | D:2      | Reached XP level 6. HP: 7/47 MP: 6/6
  2954 | D:4      | Reached XP level 7. HP: 30/52 MP: 7/7
  3107 | D:4      | Reached skill level 6 in Long Blades
  3115 | D:4      | Reached skill level 5 in Shields
  3853 | D:3      | Reached skill level 7 in Long Blades
  4128 | D:3      | Noticed Ijyb
  4129 | D:3      | Noticed Purgy
  4175 | D:2      | Killed Ijyb
  4361 | D:3      | Reached XP level 8. HP: 42/58 MP: 8/8
  4817 | D:4      | Reached skill level 8 in Long Blades
  5299 | D:4      | Noticed Eustachio
  5457 | D:4      | Slain by an ogre

Vault maps used:
D:1:      tarquinn_simple_flora_water_a
D:2:      kiku_gazebo_pond_becter, uniq_sigmund
D:3:      first_ration, uniq_ijyb, uniq_purgy
D:4:      kennysheep_generic_room_15, uniq_eustachio

Skill      XL: |  1  2  3  4  5  6  7  8 |
---------------+-------------------------+-----
Long Blades    | 3 5 7 8 |  8.0
Shields        | 4 5 |  5.5
Fighting       | |  3.0
Armour         | |  3.0

Action                   |  1- 3 |  4- 6 |  7- 9 || total
-------------------------+-------+-------+-------++-------
Melee: Long sword        |    96 |   144 |   171 ||   411
Throw: Stone             |     5 |     2 |     3 ||    10
  Use: Potion            |       |     1 |     6 ||     7
  Eat: Chunk             |       |     7 |     7 ||    14
Armor: Scale mail        |    45 |    28 |       ||    73
       Chain mail        |       |    21 |    79 ||   100
Dodge: Dodged            |    32 |    38 |    32 ||   102
Block: Shield            |    56 |    79 |    94 ||   229
       Rpst.: Long sword |     8 |    17 |    11 ||    36

Table legend:
 A = Spawn XP
 B = Non-spawn XP
 C = Spawn XP percentage of total XP
 D = Spawn monster count
 E = Non-spawn monster count
 F = Spawn count percentage of total count
 G = Total turns spent on level
                    A         B        C        D         E        F      G
               +---------+---------+-------+---------+---------+-------+---------
         Total |       0 |    1365 |   0.0 |       0 |      81 |   0.0 |  5457
               +---------+---------+-------+---------+---------+-------+---------
           D:1 |       0 |      26 |   0.0 |       0 |      16 |   0.0 |   501
           D:2 |       0 |     402 |   0.0 |       0 |      21 |   0.0 |  1515
           D:3 |       0 |     228 |   0.0 |       0 |      25 |   0.0 |  1537
           D:4 |       0 |     709 |   0.0 |       0 |      19 |   0.0 |  1904
               +---------+---------+-------+---------+---------+-------+---------
